 Dungeon Crawl Stone Soup version 0.22-a0-283-g1871b15 (webtiles) character file.

2 mhoghedin the Gusty (level 1, 0/10 HPs)
             Began as a Tengu Air Elementalist on Mar 19, 2018.
             Slain by a goblin
             ... wielding a cursed +0 dagger
              (2 damage)
             ... on level 1 of the Dungeon.
             The game lasted 00:00:27 (25 turns).

mhoghedin the Gusty (Tengu Air Elementalist)          Turns: 25, Time: 00:00:28

Health: 0/10       AC:  2    Str:  8    XL:     1   Next: 30%
Magic:  1/4        EV: 12    Int: 15    God:
Gold:   0          SH:  0    Dex: 14    Spells: 3/4 levels left

rFire    . . .     SeeInvis .   b - +0 mace
rCold    . . .     Gourm    .   (no shield)
rNeg     . . .     Faith    .   a - +0 robe
rPois    .         Spirit   .   (helmet restricted)
rElec    .         Reflect  .   (no cloak)
rCorr    .         Harm     .   (no gloves)
MR       .....                  (boots unavailable)
Stlth    ++........             (no amulet)
HPRegen  0.03/turn              (no ring)
MPRegen  0.09/turn              (no ring)

@: very slightly contaminated
A: beak, talons 3
a: no special abilities


You were on level 1 of the Dungeon.
You were not hungry.

You visited 1 branch of the dungeon, and saw 1 of its levels.

Inventory:

Hand Weapons
 b - a +0 mace (weapon)
   (You found it on level 1 of the Dungeon)
Armour
 a - a +0 robe (worn)
Comestibles
 c - a ration


   Skills:
 - Level 2.2 Dodging
 - Level 2.0 Stealth
 + Level 2.0 Spellcasting
 + Level 1.4 Conjurations
 + Level 4.0 Air Magic


You had 3 spell levels left.
You knew the following spells:

 Your Spells              Type           Power        Failure   Level  Hunger
a - Shock                 Conj/Air       #...         7%          1    #......


Dungeon Overview and Level Annotations

Branches:
Dungeon (1/15)

Altars:


Innate Abilities, Weirdness & Mutations

You have a beak for a mouth.
You have claws for feet.


Message History

Welcome, mhoghedin the Tengu Air Elementalist.
Will you be the one to retrieve the fabulous Orb of Zot from the depths?
Found a mace.
Found a staircase leading out of the dungeon.
b - a mace Wield which item (- for none, * to show all)? (? for menu, Esc to quit)
b - a +0 mace (weapon)
You open the door.
A rat and a kobold come into view.
There is an open door here.
There are monsters nearby!
The kobold shouts!
There is an open door here.
Aim: a rat The zap hits the rat.
You kill the rat!
A goblin comes into view.
You now have 3/4 mp.
Aim: a kobold The zap hits the kobold.
The goblin shouts!
You now have 2/4 mp.
Aim: a kobold (severely wounded)
The zap hits the kobold.
You kill the kobold!
You now have 1/4 mp.
Unknown command.
You close the door.
You start resting. 2 goblins come into view.
The goblin shouts!
You hit the goblin but do no damage. The goblin completely misses you.
The goblin hits you but does no damage.
You hit the goblin. Your kick misses the goblin.
The goblin hits you but does no damage.
Aim: a goblin (heavily wounded)
You miscast Shock.
You are very lightly contaminated with residual magic.
Nothing appears to happen.
You hit the goblin. You claw the goblin, but do no damage.
The goblin misses you. x2
You closely miss the goblin. The goblin hits you.
The goblin completely misses you. The goblin barely misses you.
The goblin closely misses you.
You take 1 damage, and have 9/10 hp.
You barely miss the goblin. The goblin hits you.
The goblin hits you with a dagger.
Ouch! That really hurt!
* * * LOW HITPOINT WARNING * * *
You take 7 damage, and have 2/10 hp.
MASSIVE DAMAGE!!
You closely miss the goblin. You peck the goblin.
The goblin completely misses you. The goblin hits you with a dagger.
You die...

#........ #
###.......##.
...........
#..$....#
#..†....#
#.#.......#.%#
#............#
#...##g##....#
#. #g@.# ..#
###.⌠.### .
#.......#
#.⌠.<.⌠.#
#.......#
###.⌠.###
#...# ##+##


You could see 2 goblins.

Vanquished Creatures
  A kobold (D:1)
  A rat (D:1)
2 creatures vanquished.

Notes
Turn   | Place    | Note
-------+----------+-------------------------------------------
     0 | D:1      | mhoghedin the Tengu Air Elementalist began the quest for the Orb.
     0 | D:1      | Reached XP level 1. HP: 10/10 MP: 4/4
    24 | D:1      | HP: 2/10 [goblin/dagger (5)]
    25 | D:1      | Slain by a goblin

Vault maps used:
D:1:      dpeg_arrival_simpleton_c

Action                   || total
-------------------------++-------
Melee: Mace              ||     6
       Kick              ||     1
       Peck              ||     1
 Cast: Shock             ||     3
Armor: Robe              ||     2
Dodge: Dodged            ||     7

Table legend:
 A = Spawn XP
 B = Non-spawn XP
 C = Spawn XP percentage of total XP
 D = Spawn monster count
 E = Non-spawn monster count
 F = Spawn count percentage of total count
 G = Total turns spent on level
                    A         B        C        D         E        F      G
               +---------+---------+-------+---------+---------+-------+---------
         Total |       0 |       3 |   0.0 |       0 |       2 |   0.0 |    25
               +---------+---------+-------+---------+---------+-------+---------
           D:1 |       0 |       3 |   0.0 |       0 |       2 |   0.0 |    25
               +---------+---------+-------+---------+---------+-------+---------

Vault maps used:
D:1:      dpeg_arrival_simpleton_c

Table legend:
 A = Turns spent in this place as a percentage of turns spent in the entire game.
 B = Non-inter-level travel turns spent in this place as a percentage of non-inter-level travel turns spent in the entire game.
 C = Inter-level travel turns spent in this place as a percentage of turns spent in this place.
 D = Turns resting spent in this place as a percentage of non-inter-level travel turns spent in this place.
 E = Turns spent auto-exploring this place as a percentage of non-inter-level travel turns spent in this place.
 F = Non-inter-level travel turns spent in this place divided by the number of levels of this place that you've seen.
                   A       B       C       D       E      F
               +-------+-------+-------+-------+-------+----------------------
         Total | 100.0 | 100.0 |   0.0 |  16.0 |   4.0 |  25.0
       Dungeon | 100.0 | 100.0 |   0.0 |  16.0 |   4.0 |  25.0
               +-------+-------+-------+-------+-------+----------------------

Table legend:
 A = Kills in this place as a percentage of kills in entire the game.
 B = Kills by you in this place as a percentage of kills by you in the entire game.
 C = Kills by friends in this place as a percentage of kills by friends in the entire game.
 D = Other kills in this place as a percentage of other kills in the entire game.
 E = Experience gained in this place as a percentage of experience gained in the entire game.
 F = Experience gained in this place divided by the number of levels of this place that you have seen.
                   A       B       C       D       E      F
               +-------+-------+-------+-------+-------+----------------------
         Total | 100.0 | 100.0 |   N/A |   N/A | 100.0 |   3.0
       Dungeon | 100.0 | 100.0 |   N/A |   N/A | 100.0 |   3.0
               +-------+-------+-------+-------+-------+----------------------
